 Dungeon Crawl Stone Soup version 0.30-a0-358-g0d69a1922f (webtiles) character file.

Game seed: 3427665230081941520

4 Muataran the Ruffian (level 1, -1/22 HPs)
             Began as a Troll Monk on Nov 9, 2022.
             Slain by a gnoll
             ... wielding a +0 whip
              (9 damage)
             ... on level 1 of the Dungeon.
             The game lasted 00:00:18 (86 turns).

Muataran the Ruffian (Troll Monk)                     Turns: 86, Time: 00:00:18

Health: -1/22      AC:  4    Str: 18    XL:     1   Next: 50%
Magic:  0/0        EV: 10    Int:  6    God:
Gold:   27         SH:  0    Dex: 12    Spells: 0/0 levels left

rFire   . . .      SeeInvis .      - Unarmed
rCold   . . .      Faith    .    (no shield)
rNeg    . . .      Spirit   .    a - +0 robe
rPois   .          Reflect  .    (helmet restricted)
rElec   .          Harm     .    (no cloak)
rCorr   .          Rampage  .    (gloves unavailable)
Will    .....                    (boots unavailable)
Stlth   ++........               (no amulet)
HPRegen 1.03/turn                (no ring)
MPRegen 0.07/turn                (no ring)

@: no status effects
A: large, unfitting armour, claws 3, regeneration 1, shaggy fur 1, tough skin 1
a: no special abilities


You were on level 1 of the Dungeon.
You visited 1 branch of the dungeon, and saw 1 of its levels.

You collected 27 gold pieces.

Inventory:

Armour
 a - a +0 robe (worn)
Scrolls
 d - a scroll of teleportation {unknown}
Potions
 b - a potion of ambrosia
 c - a potion of mutation {unknown}


   Skills:
 + Level 2.5 Fighting
 - Level 2.4 Dodging
 - Level 1.0 Stealth
 * Level 3.2 Unarmed Combat


You couldn't memorise any spells.
You didn't know any spells.
Your spell library was empty.

Dungeon Overview and Level Annotations

Branches:
Dungeon (1/15)

Altars:


Innate Abilities, Weirdness & Mutations

You are too large for most types of armour.
You have claws for hands.
Your natural rate of healing is unusually fast.
You are covered in fur. (AC +1)
You have tough skin. (AC +1)


Message History

A bat comes into view.
You barely miss the quokka. The quokka bites you. The quokka barely misses you.
You claw the quokka!
You kill the quokka!
No target in view!
No target in view!
d - a scroll labelled PEJAYNNEYNOT You now have 16 gold pieces.
A bat is nearby!
A bat is nearby!
A bat is nearby!
The bat hits you but does no damage.
You closely miss the bat. The bat barely misses you.
The bat closely misses you. The bat hits you but does no damage.
You claw the bat!
You kill the bat!
No target in view!
No target in view!
No target in view!
You now have 27 gold pieces (gained 11).
A gnoll comes into view. It is wielding a +0 whip.
A gnoll is nearby!
A gnoll is nearby!
A gnoll is nearby!
Found 13 gold pieces.
The helpless gnoll fails to defend itself.
You scratch the gnoll.
The gnoll is lightly wounded.
The gnoll hits you with a +0 whip.
You scratch the gnoll.
The gnoll is moderately wounded.
The gnoll hits you with a +0 whip.
You claw the gnoll!
The gnoll is severely wounded.
The gnoll hits you with a +0 whip.
You are too injured to fight recklessly!
You closely miss the gnoll.
The gnoll is severely wounded.
The gnoll hits you with a +0 whip!
You die...

................#.....†
............†.........
...............##.#...
####...#####..##.#...
##....$## #.......##
#.#...#.# #####.###
##.....## #.# ##...##
#.# #@..# #.#### #g...#
#..... #.#### ###### #.
#. #. #. ..


You could see a gnoll.

Vanquished Creatures
  A bat (D:1)
  A goblin (D:1)
  A quokka (D:1)
3 creatures vanquished.

Notes
Turn   | Place    | Note
-------+----------+-------------------------------------------
     0 | D:1      | Muataran the Troll Monk began the quest for the Orb.
     0 | D:1      | Reached XP level 1. HP: 22/22 MP: 0/0
    86 | D:1      | Slain by a gnoll

Illustrated notes

Levels and vault maps discovered:
D:1:      amcnicky_arrival_double_pillar, layout_loops_cross, serial_shops,
          nicolae_shop_competitors_out_of_business, corexii_corridor_pit

Action                   || total
-------------------------++-------
Melee: Unarmed           ||    13
 Stab: Sleeping          ||     1
Armor: Robe              ||     5
Dodge: Dodged            ||     4

Table legend: (Time is in decaauts)
 A = Elapsed time spent in this place.
 B = Non-inter-level travel time spent in this place.
 C = Inter-level travel time spent in this place.
 D = Time resting spent in this place.
 E = Time spent auto-exploring this place.
 F = Levels seen in this place.
 G = Mean time per level.
                   A        B        C        D        E       F      G
               +--------+--------+--------+--------+--------+-----+--------+
         Total |     85 |     85 |      0 |      0 |     52 |   1 |   85.0 |
       Dungeon |     85 |     85 |      0 |      0 |     52 |   1 |   85.0 |
               +--------+--------+--------+--------+--------+-----+--------+

Top non-repeatable levels by time:
     D:1: 85 daAuts
